 Dungeon Crawl Stone Soup version 0.24.0-123-gd5b16e6ec5 (webtiles) character file.

Game seed: 6652116205070477282, levelgen mode: deterministic

919 RUZZLEFAZAZZLE the Shield-Bearer (level 8, -2/67 HPs)
             Began as a Gnoll Fighter on Dec 21, 2019.
             Was an Initiate of Okawaru.
             Slain by Exporg's ghost (8 damage)
             ... on level 4 of the Dungeon.
             The game lasted 00:13:09 (4096 turns).

RUZZLEFAZAZZLE the Shield-Bearer (Gnoll Fighter)    Turns: 4096, Time: 00:13:09

Health: -2/67      AC:  6    Str: 22    XL:     8   Next: 9%
Magic:  12/12      EV: 11    Int: 10    God:    Okawaru [......]
Gold:   210        SH: 11    Dex: 16    Spells: 12/12 levels left

rFire    . . .     SeeInvis .   i - +2 hand axe (drain)
rCold    . . .     Gourm    .   c - +0 shield
rNeg     . . .     Faith    .   r - +3 leather armour {rPois}
rPois    +         Spirit   .   (no helmet)
rElec    .         Reflect  .   (no cloak)
rCorr    .         Harm     .   (no gloves)
MR       .....                  (no boots)
Stlth    ++........             (no amulet)
HPRegen  0.21/turn              j - +2 ring of strength
MPRegen  0.13/turn              (no ring)

@: no status effects
A: distributed training, fangs 1, strong nose
a: Renounce Religion


You were on level 4 of the Dungeon.
You worshipped Okawaru.
Okawaru was noncommittal.
You were not hungry.

You visited 2 branches of the dungeon, and saw 5 of its levels.

You collected 210 gold pieces.

Inventory:

Hand Weapons
 a - a +1 rapier
 i - a +2 hand axe of draining (weapon)
Armour
 c - a +0 shield (worn)
 r - a +3 leather armour of poison resistance (worn)
Jewellery
 j - a +2 ring of strength (left hand)
Wands
 p - a wand of enslavement (3)
Scrolls
 k - 2 scrolls of teleportation
 o - a scroll of blinking
 q - a scroll of identify
 s - a scroll of magic mapping
 t - a scroll of enchant weapon
Potions
 e - a potion of cancellation
 g - a potion of ambrosia
 h - 3 potions of brilliance
 m - 2 potions of flight
Comestibles
 f - 3 rations


   Skills:
 + Level 7.2 Fighting
 + Level 5.4 Short Blades
 + Level 2.9 Long Blades
 + Level 2.9 Axes
 + Level 2.9 Maces & Flails
 + Level 2.9 Polearms
 + Level 2.9 Staves
 + Level 2.9 Slings
 + Level 2.9 Bows
 + Level 2.9 Crossbows
 + Level 2.9 Throwing
 + Level 7.2 Armour
 + Level 2.9 Dodging
 + Level 2.9 Stealth
 + Level 7.2 Shields
 + Level 2.9 Unarmed Combat
 + Level 2.9 Spellcasting
 + Level 2.3 Conjurations
 + Level 2.3 Hexes
 + Level 2.3 Charms
 + Level 2.3 Summonings
 + Level 2.3 Necromancy
 + Level 2.3 Translocations
 + Level 2.3 Transmutations
 + Level 2.3 Fire Magic
 + Level 2.3 Ice Magic
 + Level 2.3 Air Magic
 + Level 2.3 Earth Magic
 + Level 2.3 Poison Magic
 + Level 3.2 Invocations
 + Level 2.9 Evocations


You had 12 spell levels left.
You didn't know any spells.
Your spell library was empty.

Dungeon Overview and Level Annotations

Branches:
Dungeon (4/15)             Temple (1/1) D:4

Altars:
Ashenzari
Cheibriados
Elyvilon
Fedhas
Hepliaklqana
Makhleb
Okawaru
Ru
Sif Muna
Trog
Uskayaw
Vehumet
Wu Jian
Xom
Yredelemnul
Zin

Annotations:
D:4 Exporg's ghost, amateur GnFi


Innate Abilities, Weirdness & Mutations

Your experience applies equally to all skills.
You have very sharp teeth.
Your uncanny sense of smell can sniff out nearby items.


Message History

Exporg's ghost is severely damaged.
You block Exporg's ghost's attack.
Okay, then.
You hit Exporg's ghost but do no damage.
Exporg's ghost is severely damaged.
Exporg's ghost hits you!
* * * LOW HITPOINT WARNING * * *
You hit Exporg's ghost.
Exporg's ghost is severely damaged.
Exporg's ghost hits you.
* * * LOW HITPOINT WARNING * * *
Okay, then.
As you read the scroll labeled HARPHA DENN, it crumbles to dust.
The scroll dissolves into smoke.
It was a scroll of fog.
Exporg's ghost hits you.
* * * LOW HITPOINT WARNING * * *
Exporg's ghost hits you.
* * * LOW HITPOINT WARNING * * *
Exporg's ghost hits you!
You die...

###..........###Z#
#............#. ##
#.........##.#.# ##."$##
#............#.. ##.....##
####............##. #P.#.#.P#
#.................. #⌠.#.#.⌠#
#...........###.... #P.#.#.≈#
#...>.......#####..
###.....#####§@.#.........# ##.
#.##'''##.§§§W.§.#######..#####
#...)†....§§§§§§#..≈≈≈..#......
#####.##)..§§§§#..≈...≈..#..###
#.......§§#...≈._.≈...#.#
####..(...(#..≈...≈..#..#
#.....)(.#..≈≈≈..#.#.###
#.......(.#######.##...#
#......##.........####..


You could see Exporg's ghost.

Vanquished Creatures
  Duvessa (D:4)
  A phantom (D:4)
  3 ogres (D:4)
  2 big kobolds (D:4)
  Dowan (D:4)
  A howler monkey (D:4)
  A hound (D:4)
  A bullfrog skeleton (D:4)
  An orc wizard (D:3)
  A worker ant (D:4)
  A howler monkey skeleton (D:4)
  4 adders
  2 worms (D:2)
  A dart slug (D:1)
  4 leopard geckos
  15 orcs
  A ball python (D:3)
  A giant cockroach (D:2)
  10 goblins
  7 hobgoblins
  6 jackals
  8 kobolds
  A quokka (D:3)
  5 bats
  4 frilled lizards
  A leopard gecko skeleton (D:4)
  9 rats
93 creatures vanquished.

Vanquished Creatures (others)
  A fungus (D:4)
1 creature vanquished.

Grand Total: 94 creatures vanquished

Notes
Turn   | Place    | Note
-------+----------+-------------------------------------------
     0 | D:1      | RUZZLEFAZAZZLE the Gnoll Fighter began the quest for the
                  | Orb.
     0 | D:1      | Reached XP level 1. HP: 23/23 MP: 1/1
   437 | D:1      | Reached XP level 2. HP: 20/29 MP: 2/2
   870 | D:2      | Reached XP level 3. HP: 29/35 MP: 3/3
  1196 | D:2      | Reached skill level 1 in Invocations
  1514 | D:2      | Reached skill level 1 in Long Blades
  1514 | D:2      | Reached skill level 1 in Axes
  1514 | D:2      | Reached skill level 1 in Maces & Flails
  1514 | D:2      | Reached skill level 1 in Polearms
  1514 | D:2      | Reached skill level 1 in Staves
  1514 | D:2      | Reached skill level 1 in Slings
  1514 | D:2      | Reached skill level 1 in Bows
  1514 | D:2      | Reached skill level 1 in Crossbows
  1514 | D:2      | Reached skill level 1 in Throwing
  1514 | D:2      | Reached skill level 1 in Dodging
  1514 | D:2      | Reached skill level 1 in Stealth
  1514 | D:2      | Reached skill level 1 in Unarmed Combat
  1514 | D:2      | Reached skill level 1 in Spellcasting
  1514 | D:2      | Reached skill level 1 in Evocations
  1530 | D:2      | Found a white marble altar of Elyvilon.
  1879 | D:3      | Reached XP level 4. HP: 41/41 MP: 5/5
  2001 | D:3      | Found a blossoming altar of Fedhas.
  2408 | D:3      | Reached skill level 1 in Conjurations
  2408 | D:3      | Reached skill level 1 in Hexes
  2408 | D:3      | Reached skill level 1 in Charms
  2408 | D:3      | Reached skill level 1 in Summonings
  2408 | D:3      | Reached skill level 1 in Necromancy
  2408 | D:3      | Reached skill level 1 in Translocations
  2408 | D:3      | Reached skill level 1 in Transmutations
  2408 | D:3      | Reached skill level 1 in Fire Magic
  2408 | D:3      | Reached skill level 1 in Ice Magic
  2408 | D:3      | Reached skill level 1 in Air Magic
  2408 | D:3      | Reached skill level 1 in Earth Magic
  2408 | D:3      | Reached skill level 1 in Poison Magic
  2412 | D:3      | Reached XP level 5. HP: 22/47 MP: 6/6
  2787 | D:4      | Noticed Duvessa
  2787 | D:4      | Noticed Dowan
  2798 | D:4      | Killed Duvessa
  2803 | D:4      | Killed Dowan
  2803 | D:4      | Reached XP level 6. HP: 16/53 MP: 6/8
  3021 | D:4      | Reached skill level 5 in Short Blades
  3067 | D:4      | Reached XP level 7. HP: 28/59 MP: 10/10
  3266 | D:4      | Found a staircase to the Ecumenical Temple.
  3281 | Temple   | Entered the Ecumenical Temple
  3316 | Temple   | Became a worshipper of Warmaster Okawaru
  3580 | D:4      | Found a burning altar of Makhleb.
  3843 | D:4      | Found a sacrificial altar of Ru.
  3853 | D:4      | Found a hide-covered altar of Uskayaw.
  3882 | D:4      | Found a runed translucent gate.
  3882 | D:4      | Identified the +7 short sword of Past Mistakes {elec, Str+4
                  | Dex-5}
  3883 | D:4      | Found a runed translucent gate.
  3883 | D:4      | Noticed Exporg's ghost (amateur GnFi)
  3884 | D:4      | Found a runed translucent gate.
  4053 | D:4      | Reached XP level 8. HP: 54/67 MP: 12/12
  4096 | D:4      | Slain by Exporg's ghost

Levels and vault maps discovered:
D:1:      dpeg_arrival_leaves_temple_mockup, layout_loops_cross
D:2:      layout_basic, elyvilon_altar_1, st_stairs_11, minmay_domino_4
D:3:      layout_loops_corners, fedhas_altar_3
D:4:      layout_rooms, nicolae_ru_awakened_eye, demons_altar,
          grunt_temple_overflow_open, minmay_temple_entry_drinking_statues,
          gammafunk_ghost_nasty_kobolds, first_ration,
          kennysheep_generic_room_15, uniq_duvessa, uniq_menkaure
Temple:   minmay_temple_bridge_abc

Skill      XL: |  1  2  3  4  5  6  7 |
---------------+----------------------+-----
Invocations    | 1 2 3 |  3.2
Long Blades    | 1 2 |  2.9
Axes           | 1 2 |  2.9
Maces & Flails | 1 2 |  2.9
Polearms       | 1 2 |  2.9
Staves         | 1 2 |  2.9
Slings         | 1 2 |  2.9
Bows           | 1 2 |  2.9
Crossbows      | 1 2 |  2.9
Throwing       | 1 2 |  2.9
Dodging        | 1 2 |  2.9
Stealth        | 1 2 |  2.9
Unarmed Combat | 1 2 |  2.9
Spellcasting   | 1 2 |  2.9
Evocations     | 1 2 |  2.9
Conjurations   | 1 2 |  2.3
Hexes          | 1 2 |  2.3
Charms         | 1 2 |  2.3
Summonings     | 1 2 |  2.3
Necromancy     | 1 2 |  2.3
Translocations | 1 2 |  2.3
Transmutations | 1 2 |  2.3
Fire Magic     | 1 2 |  2.3
Ice Magic      | 1 2 |  2.3
Air Magic      | 1 2 |  2.3
Earth Magic    | 1 2 |  2.3
Poison Magic   | 1 2 |  2.3
Short Blades   | 5 |  5.4
Fighting       | 7 |  7.2
Armour         | 7 |  7.2
Shields        | 7 |  7.2

Action                   |  1- 3 |  4- 6 |  7- 9 || total
-------------------------+-------+-------+-------++-------
Melee: Hand axe          |   122 |   111 |    94 ||   327
       Bite              |    17 |    24 |    17 ||    58
       Rapier            |     3 |    42 |       ||    45
  Use: Scroll            |     6 |     9 |     1 ||    16
       Potion            |       |     4 |     3 ||     7
 Stab: Sleeping          |       |     1 |       ||     1
  Eat: Chunk             |     3 |     4 |     3 ||    10
       Ration            |       |       |     1 ||     1
Armor: Scale mail        |    37 |    51 |       ||    88
       Leather armour    |       |     7 |    18 ||    25
Dodge: Dodged            |    36 |    47 |    46 ||   129
Block: Shield            |    66 |   123 |    57 ||   246
